 Dungeon Crawl Stone Soup version 0.31-a0-441-g867994ef1c (webtiles) character file.

Game seed: 5343901832012855982

129 lunkers the Insei (level 5, -5/40 HPs)
             Began as a Meteoran Shapeshifter on Aug 2, 2023.
             Slain by an ogre
             ... wielding a +0 giant club
              (27 damage)
             ... on level 4 of the Dungeon.
             The game lasted 00:01:44 (1152 turns).

lunkers the Insei (Meteoran Shapeshifter)           Turns: 1152, Time: 00:01:44

Health: -5/40      AC:  5    Str: 16    XL:     5   Next: 62%
Magic:  6/6        EV: 11    Int: 10    God:
Gold:   100        SH:  4    Dex: 16    Spells: 4/4 levels left

rFire   . .          .
                       - Unarmed
rCold   . . .        g - +0 buckler
rNeg    . . .        j - +0 ring mail
rPois   .            (helmet currently unavailable)
rElec   .            (cloak currently unavailable)
rCorr   .            (gloves currently unavailable)
SInv    .            (boots currently unavailable)
Will    .....        (no amulet)
Stlth   +            (no ring)
HPRegen 0.26/turn    (no ring)
MPRegen 0.10/turn

%: no passive effects
@: beast-form, glowing
A: beast (slay +3), sense surroundings 1, otherworldly, glowing, explore regen
a: Begin Untransformation


You were on level 4 of the Dungeon.
You were a hulking beast.
You visited 1 branch of the dungeon, and saw 4 of its levels.

You collected 100 gold pieces.

Inventory:

Armour
 a - a +0 animal skin
 g - a +0 buckler (worn)
 h - a +0 chain mail
 j - a +0 ring mail (worn)
 k - a +0 cloak
Talismans
 c - a beast talisman (active)
Scrolls
 b - a scroll of enchant weapon
 d - a scroll of revelation
Potions
 e - a potion of degeneration {unknown}
 i - 2 potions of might {unknown}
 l - a potion of heal wounds {unknown}
 m - a potion of mutation {unknown}
 n - 3 potions of curing {unknown}
 p - a potion of enlightenment {unknown}


   Skills:
 - Level 1.1 Fighting
 - Level 2.4 Dodging
 * Level 6.0 Unarmed Combat
 + Level 4.5 Shapeshifting


You had 4 spell levels left.
You didn't know any spells.
Your spell library was empty.

Dungeon Overview and Level Annotations

Branches:
Dungeon (4/15) Zot: 1255
 Temple: D:4-7

Altars:


Innate Abilities, Weirdness & Mutations

You are a hulking beast.
Your limbs bulge with bestial killing power. (Slay +3)
You passively map a small area around you.
You are easily found by Zot.
You glow in the dark.
You regain HP and MP as you explore.


Message History

You kill the ball python!
You hear an angry hiss.
A goblin is nearby!
Found a viscous dark potion.
The goblin barely misses you.
You see here a ball python corpse.
A goblin is nearby!
You barely miss the goblin. The goblin misses you.
A goblin is nearby!
You punch the goblin!
You kill the goblin!
A ball python comes into view.
Your Unarmed Combat skill increases to level 6!
An ogre comes into view. It is wielding a +0 giant club.
The ogre shouts!
You see here a +0 club.
There are monsters nearby!
You hit the ball python.
You kill the ball python!
An ogre is nearby!
You see here a ball python corpse.
An ogre is nearby!
An adder comes into view.
Found 10 gold pieces.
The adder hisses angrily.
There are monsters nearby!
You hit the ogre.
The ogre is lightly wounded.
The ogre hits you with a +0 giant club!!
* * * LOW HITPOINT WARNING * * *
You punch the ogre!
The ogre is heavily wounded.
You block the ogre's attack.
You hit the ogre.
The ogre is heavily wounded.
You barely miss the ogre.
The ogre is heavily wounded.
You block the adder's attack.
The ogre hits you with a +0 giant club!!
Ouch! That really hurt!
You die...

* , * ,## * * ,
.. * * * * , * ,
,, .# * * * , *
*.#** .#** ,
########.##....
,,
.......OS..$..#*
* * * * * **
#h###.#*
.######†....# ,
.......)########
........†......#
*#.###..#######.#
* , *#.# #.# ,
.!.* ##.# ##.. *
#..# * * *... ,
#)## *


You could see an ogre and an adder.

Vanquished Creatures
  An iguana (D:3)
  5 adders
  2 worms (D:3)
  2 orcs
  4 endoplasms
  3 giant cockroaches
  8 goblins
  3 hobgoblins
  2 jackals (D:2)
  5 quokkas
  3 ball pythons
  2 bats
  3 frilled lizards
  5 kobolds
  2 rats (D:3)
50 creatures vanquished.

Notes
Turn   | Place    | Note
-------+----------+-------------------------------------------
     0 | D:1      | lunkers the Meteoran Shapeshifter began the quest for the
                  | Orb.
     0 | D:1      | Reached XP level 1. HP: 16/16 MP: 2/2
   198 | D:1      | Reached XP level 2. HP: 20/23 MP: 3/3
   203 | D:1      | Reached skill level 4 in Unarmed Combat
   400 | D:2      | Reached XP level 3. HP: 27/28 MP: 4/4
   476 | D:2      | Reached skill level 5 in Unarmed Combat
   476 | D:2      | Reached XP level 4. HP: 28/35 MP: 5/5
   731 | D:3      | Reached XP level 5. HP: 38/40 MP: 6/6
  1082 | D:3      | Found a faded altar of an unknown god.
  1145 | D:4      | Reached skill level 6 in Unarmed Combat
  1145 | D:4      | Noticed an ogre
  1152 | D:4      | Slain by an ogre

Illustrated notes

Levels and vault maps discovered:
D:1:      tarquinn_simple_flora_water_b, layout_basic
D:2:      layout_basic, basic_altar, serial_forest, infiniplex_forest_zigzag_2,
          infiniplex_forest_straight_2, infiniplex_forest_end_1,
          infiniplex_forest_clump_small, infiniplex_forest_clump_C,
          infiniplex_forest_lined_2
D:3:      layout_basic, shapermc_ecumenical_altar_starsandcircs,
          skrybe_limestone_x, minmay_between
D:4:      layout_rooms, lightli_corner_chamber

Skill      XL: |  1  2  3  4  5 |
---------------+----------------+-----
Unarmed Combat | 4 5 6 |  6.0
Shapeshifting  | 4 |  4.5
Fighting       | |  1.1
Dodging        | |  2.4

Action                     |  1- 3 |  4- 6 || total
---------------------------+-------+-------++-------
  Melee: Unarmed           |    53 |    72 ||   125
    Use: Scroll            |       |     4 ||     4
         Potion            |       |     1 ||     1
 Armour: Animal skin       |     6 |       ||     6
         Ring mail         |    16 |    11 ||    27
         Skin              |       |    13 ||    13
  Dodge: Dodged            |    18 |    26 ||    44
  Block: Buckler           |     6 |    11 ||    17

Table legend: (Time is in decaauts)
 A = Elapsed time spent in this place.
 B = Non-inter-level travel time spent in this place.
 C = Inter-level travel time spent in this place.
 D = Time resting spent in this place.
 E = Time spent auto-exploring this place.
 F = Levels seen in this place.
 G = Mean time per level.
                   A        B        C        D        E       F      G
               +--------+--------+--------+--------+--------+-----+--------+
         Total |   1143 |   1074 |     69 |      8 |    727 |   4 |  285.8 |
       Dungeon |   1143 |   1074 |     69 |      8 |    727 |   4 |  285.8 |
               +--------+--------+--------+--------+--------+-----+--------+

Top non-repeatable levels by time:
     D:3: 492 daAuts
     D:1: 362 daAuts
     D:2: 263 daAuts
     D:4: 25 daAuts
